Map: Templo óseo EE

Players

MrFercho

  • Race: Zerg Zerg
  • League: Gold
  • Spawn Location: 7:00

TATORREA

  • Race: Protoss Protoss
  • League: Gold
  • Spawn Location: 7:00

tigro

  • Race: Terran Terran
  • League: Bronze
  • Spawn Location: 6:00

TexanKomodo - Winner!

  • Race: Terran Terran
  • Spawn Location: 1:00

FatSquanchy - Winner!

  • Race: Protoss Protoss
  • Spawn Location: 12:00

Polonius - Winner!

  • Race: Protoss Protoss
  • Spawn Location: 3:00

VOD

Have the link to the VOD?

Description

Time

  • Played on: Aug. 15, 2020, 10:28 p.m.
  • Length: 12:41
Show
View Real Time Build Order
Export as new Build Order

MrFercho Zerg 

Build Orders: Hatch First, Roach Hydra 

Get SALT Encoding   

  12  0:00  Drone  
  13  0:18  Overlord  
  13  0:19  Drone  
  14  0:36  Drone x2  
  16  0:51  Hatchery  
  16  0:53  Drone  
  16  0:57  Drone  
  16  1:04  Drone  
  18  1:12  Extractor  
  18  1:18  Spawning Pool  
  16  1:20  Drone  
  16  1:23  Drone  
  18  1:35  Drone  
  19  2:11  Overlord, Drone  
  19  2:12  Queen x2  
  19  2:15  Zergling x4  
  26  2:16  Drone  
  26  2:22  Metabolic Boost  
  27  2:24  Drone  
  27  2:28  Overlord  
  28  2:33  Drone  
  28  2:35  Drone  
  30  2:47  Drone x2  
  32  2:56  Queen  
  34  3:00  Drone x2  
  34  3:04  Extractor  
  35  3:07  Extractor  
  35  3:08  Drone x2  
  36  3:18  Roach Warren  
  35  3:20  Drone x2  
  35  3:22  Evolution Chamber  
  36  3:37  Drone x2  
  36  3:38  Overlord x2, Drone  
  39  3:48  Drone x2  
  41  3:55  Zerg Missile Weapons Level 1  
  41  4:02  Lair  
  41  4:09  Roach x5  
  51  4:36  Overlord  
  51  4:37  Overlord  
  51  4:38  Drone x2  
  51  4:39  Drone x7  
  60  4:56  Drone  
  60  4:58  Drone  
  62  5:01  Drone  
  62  5:05  Spore Crawler  
  62  5:09  Hydralisk Den  
  62  5:10  Roach x4  
  69  5:17  Evolution Chamber  
  69  5:18  Queen  
  70  5:23  Glial Reconstitution  
  70  5:25  Roach x3  
  70  5:27  Overlord  
  76  5:49  Roach x4  
  84  5:52  Overlord x3  
  84  6:11  Roach x2  
  84  6:12  Roach x4  
  84  6:16  Muscular Augments  
  84  6:18  Hatchery  
  95  6:24  Overseer  
  95  6:28  Zerg Missile Weapons Level 2  
  95  6:29  Zerg Ground Armor Level 1  
  95  6:46  Ravager x2  
  98  6:54  Ravager  
  98  6:56  Zergling x16  
  98  6:57  Zergling x4  
  108  7:16  Overlord x2  
  108  7:17  Overlord x5  
  108  7:28  Grooved Spines  
  52  7:59  Hydralisk  
  52  8:00  Hydralisk x8  
  67  8:10  Drone  
  67  8:11  Drone x2  
  70  8:25  Hydralisk  
  70  8:26  Hydralisk x5  
  82  8:35  Overlord x3  
  82  8:50  Extractor, Hydralisk x2  
  82  8:51  Infestation Pit  
  56  9:17  Hydralisk x4  
  56  9:19  Overlord  
  62  9:28  Zergling x18  
  71  9:32  Hydralisk  
  73  9:44  Hydralisk x4  
  81  9:52  Hydralisk  
  64  10:26  Hydralisk  
  64  10:27  Hydralisk x4  
  57  10:46  Hydralisk x2  
  42  11:25  Zergling x16  
  41  11:26  Zergling x22  
  42  12:08  Hydralisk x3  
  42  12:09  Hydralisk x9  
  42  12:13  Hydralisk  
Show
View Real Time Build Order
Export as new Build Order

TATORREA Protoss 

Build Orders:  

Get SALT Encoding   

  12  0:04  Probe  
  13  0:16  Probe  
  14  0:27  Pylon  
  14  0:29  Probe  
  15  0:45  Probe  
  16  0:52  Gateway  
  16  0:57  Probe  
  17  1:09  Probe  
  18  1:21  Probe  
  19  1:26  Gateway  
  19  1:37  Pylon  
  19  1:39  Assimilator  
  19  1:48  Probe  
  19  1:54  Assimilator  
  20  1:56  Pylon  
  20  2:00  Probe  
  21  2:08  Cybernetics Core  
  21  2:12  Pylon, Probe  
  21  2:15  Zealot x2  
  26  2:24  Probe  
  27  2:37  Probe  
  28  2:57  Nexus  
  28  3:01  Pylon  
  28  3:05  Pylon  
  28  3:11  Robotics Facility  
  28  3:24  Warp Gate  
  28  3:26  Twilight Council  
  28  3:40  Gateway  
  28  3:44  Gateway  
  28  3:58  Charge (Chrono Boost)  
  28  4:00  Warp Prism  
  30  4:13  Probe x2  
  32  4:25  Probe  
  32  4:26  Probe  
  34  4:37  Immortal (Chrono Boost)  
  38  4:39  Probe  
  38  4:42  Probe  
  40  4:51  Probe  
  41  4:54  Probe  
  42  5:05  Probe  
  42  5:06  Probe  
  44  5:13  Immortal (Chrono Boost)  
  48  5:17  Probe  
  48  5:18  Probe  
  50  5:24  Assimilator  
  50  5:27  Assimilator  
  50  5:29  Probe  
  50  5:30  Probe  
  52  5:41  Probe  
  52  5:42  Pylon  
  53  5:43  Probe  
  53  5:47  Pylon  
  54  5:50  Pylon  
  54  5:54  Probe  
  54  5:55  Probe  
  56  5:58  Pylon  
  56  6:06  Probe  
  56  6:07  Probe  
  58  6:18  Probe  
  59  6:31  Probe x2  
  57  6:43  Probe, Nexus  
  57  6:46  Pylon  
  58  6:49  Pylon  
  58  6:51  Zealot x2  
  58  6:52  Zealot x2  
  66  7:07  Gateway  
  62  7:09  Gateway  
  50  7:17  Probe x2  
  50  7:29  Probe  
  52  7:30  Probe  
  52  7:33  Forge x2  
  52  7:36  Forge  
  52  7:38  Stalker x2  
  52  7:39  Stalker  
  52  7:40  Stalker  
  52  7:41  Templar Archives  
  52  7:42  Probe x2  
  62  7:54  Probe x2  
  62  7:56  Protoss Ground Weapons Level 1 (Chrono Boost)  
  62  7:58  Gateway, Protoss Shields Level 1 (Chrono Boost)  
  64  8:00  Gateway  
  64  8:01  Protoss Ground Armor Level 1 (Chrono Boost)  
  64  8:02  Gateway, Probe  
  64  8:04  Gateway  
  65  8:06  Probe x2  
  67  8:14  Probe, Blink (Chrono Boost)  
  68  8:23  High Templar  
  68  8:24  High Templar x3  
  68  8:25  High Templar  
  68  8:26  High Templar  
  80  8:28  Archon x2  
  80  8:30  Archon  
  80  8:34  Psionic Storm  
  80  9:12  Stalker x4  
  80  9:13  Stalker x2  
  80  9:14  Stalker  
  80  9:15  Stalker  
  80  9:16  Assimilator  
  96  9:18  Stalker, Nexus  
  96  9:19  Assimilator, Pylon  
  96  9:21  Stalker, Pylon  
  100  9:37  Stalker x3  
  100  9:38  Stalker x2  
  110  9:40  Stalker  
  110  9:43  Stalker  
  110  9:45  Stalker  
  116  9:48  Stalker  
  116  9:51  Stalker  
  70  10:33  Stalker x5  
  70  10:34  Stalker x4  
  70  10:35  Stalker  
  82  11:02  Stalker x4  
  82  11:03  Stalker x5  
  94  11:07  Stalker  
  57  11:35  Stalker x4  
  57  11:36  Stalker x2  
  57  11:37  Stalker  
Show
View Real Time Build Order
Export as new Build Order

tigro Terran 

Build Orders:  

Get SALT Encoding   

  12  0:14  SCV  
  13  0:21  Supply Depot  
  13  0:27  SCV  
  14  0:39  SCV  
  15  0:45  Supply Depot  
  15  0:51  SCV  
  15  0:56  Barracks  
  16  1:01  Refinery  
  16  1:03  SCV  
  17  1:15  SCV  
  18  1:25  Refinery  
  18  1:27  SCV  
  19  1:39  SCV  
  20  1:44  Marine  
  21  1:51  SCV  
  22  2:01  Marine  
  22  2:03  SCV  
  22  2:07  Factory  
  24  2:15  SCV  
  24  2:18  Engineering Bay  
  24  2:19  Marine  
  26  2:32  Orbital Command  
  26  2:37  Marine  
  27  2:48  Terran Infantry Weapons Level 1  
  27  2:52  Factory Tech Lab  
  27  2:55  Marine  
  28  3:07  Missile Turret  
  28  3:13  Siege Tank  
  31  3:24  Barracks Tech Lab  
  31  3:30  Missile Turret  
  31  3:45  Siege Tank  
  34  3:52  Missile Turret  
  34  3:59  Command Center  
  34  4:35  Starport  
  34  5:07  Marine  
  34  5:09  Combat Shield  
  34  5:12  Terran Infantry Armor Level 1  
  34  5:13  Refinery  
  35  5:24  Marine  
  35  5:27  SCV  
  37  5:31  Medivac  
  39  5:39  SCV  
  39  5:42  Marine  
  40  5:49  Refinery  
  41  5:51  SCV  
  41  5:53  Armory  
  42  6:00  Marine  
  42  6:03  SCV  
  44  6:05  Starport Tech Lab  
  44  6:07  Cyclone  
  47  6:15  SCV  
  47  6:18  Marine  
  49  6:28  Stimpack, SCV  
  50  6:40  SCV  
  50  6:42  Supply Depot, Terran Vehicle Weapons Level 1  
  51  6:52  SCV  
  52  6:55  Marine  
  53  7:04  Supply Depot, SCV  
  53  7:06  Neosteel Armor  
  54  7:13  Marine  
  55  7:16  SCV  
  56  7:28  Fusion Core  
  56  7:31  Marine  
  45  7:49  Marine, Cyclone  
  46  7:55  Medivac  
  48  8:06  Marine  
  48  8:22  Cyclone  
  48  8:24  Marine  
  52  8:36  Terran Vehicle And Ship Armor Level 1  
  52  8:42  Marine  
  52  8:46  Hi-Sec Auto Tracking  
  46  9:00  Marine  
  42  9:18  Marine  
  42  9:22  Missile Turret  
  43  9:24  Viking  
  18  9:52  Missile Turret  
  15  10:09  SCV  
  15  10:12  Missile Turret  
  16  10:21  SCV  
  17  10:30  Terran Ship Weapons Level 1, Refinery  
  17  10:32  SCV  
  17  10:34  SCV  
  19  10:44  SCV  
  19  10:46  SCV  
  19  10:47  Missile Turret  
  21  10:56  SCV  
  22  10:58  SCV  
  23  11:06  Barracks  
  23  11:08  SCV  
  23  11:09  Missile Turret  
  24  11:20  SCV  
  24  11:22  Missile Turret  
  25  11:29  Missile Turret  
  24  11:45  Missile Turret  
Show
View Real Time Build Order
Export as new Build Order

TexanKomodo Terran - Winner!

Build Orders:  

Get SALT Encoding   

  12  0:00  SCV  
  13  0:12  SCV  
  14  0:25  Supply Depot, SCV  
  15  0:31  Refinery  
  15  0:42  Refinery  
  15  0:47  SCV  
  16  0:53  Barracks  
  16  1:00  SCV  
  17  1:12  SCV  
  18  1:25  SCV  
  19  1:40  Orbital Command  
  19  1:43  Marine  
  20  2:06  SCV  
  21  2:11  Marine  
  21  2:15  Command Center  
  22  2:24  Factory  
  22  2:27  SCV  
  23  2:45  Supply Depot  
  23  2:49  Supply Depot  
  23  3:07  SCV  
  23  3:09  Starport  
  24  3:16  Widow Mine  
  24  3:19  SCV  
  27  3:26  Supply Depot  
  27  3:27  Supply Depot  
  27  3:31  Orbital Command  
  27  3:44  Widow Mine  
  27  3:47  Starport Tech Lab  
  29  3:50  Fusion Core  
  29  3:55  SCV  
  30  3:57  SCV  
  31  4:07  SCV  
  31  4:09  Starport, SCV  
  33  4:12  Widow Mine  
  35  4:19  SCV  
  36  4:27  Armory  
  36  4:30  Armory  
  36  4:38  SCV, Refinery  
  37  4:39  SCV  
  37  4:43  Battlecruiser  
  44  4:48  Starport Tech Lab  
  44  4:57  Weapon Refit  
  44  4:59  SCV  
  45  5:01  SCV  
  46  5:08  Refinery  
  46  5:11  SCV  
  46  5:14  SCV  
  48  5:19  Terran Ship Weapons Level 1  
  48  5:25  Terran Vehicle And Ship Armor Level 1  
  48  5:34  Factory Tech Lab  
  48  5:38  SCV x2  
  50  5:50  SCV x2  
  52  6:00  Battlecruiser  
  58  6:26  Battlecruiser  
  64  6:34  SCV  
  65  6:51  Command Center  
  65  7:35  Siege Tank  
  66  8:03  Battlecruiser  
  72  8:52  Starport  
  72  9:08  SCV  
  72  9:09  SCV x2  
  75  9:18  Supply Depot  
  75  9:19  Supply Depot  
  75  9:20  Supply Depot, SCV  
  75  9:21  SCV  
  75  9:24  Terran Ship Weapons Level 2  
  77  9:25  Terran Vehicle And Ship Armor Level 2  
  77  9:40  Battlecruiser, SCV  
  77  9:41  Supply Depot x2, Battlecruiser  
  77  9:44  Supply Depot  
  90  9:52  SCV  
  91  10:05  Supply Depot x2  
  91  10:28  Refinery  
  91  10:29  SCV  
  91  10:31  Refinery  
  92  10:41  SCV  
  93  10:44  Battlecruiser  
  93  10:45  Battlecruiser  
  105  10:53  SCV  
  100  11:34  Starport  
  100  11:35  Starport  
  100  11:36  Starport x2  
  112  11:55  SCV  
  113  12:08  SCV  
  114  12:20  SCV  
  115  12:27  Starport Tech Lab x4  
Show
View Real Time Build Order
Export as new Build Order

FatSquanchy Protoss - Winner!

Build Orders: Carriers 

Get SALT Encoding   

  12  0:01  Probe  
  13  0:16  Pylon  
  13  0:39  Probe  
  14  0:43  Gateway  
  14  0:47  Forge  
  14  0:51  Probe (Chrono Boost)  
  15  1:01  Probe (Chrono Boost)  
  16  1:05  Probe (Chrono Boost)  
  16  1:10  Assimilator  
  17  1:17  Probe  
  18  1:19  Assimilator  
  18  1:30  Cybernetics Core  
  18  1:58  Probe  
  19  2:10  Probe  
  20  2:17  Nexus  
  20  2:20  Pylon  
  21  2:22  Probe  
  21  2:34  Assimilator, Probe  
  22  2:42  Pylon  
  22  2:47  Probe  
  23  2:59  Photon Cannon  
  23  3:11  Stargate  
  23  3:26  Pylon  
  23  3:44  Probe (Chrono Boost)  
  23  3:45  Probe (Chrono Boost)  
  25  3:48  Protoss Air Weapons Level 1  
  25  3:53  Assimilator  
  27  3:56  Probe (Chrono Boost)  
  27  3:57  Probe (Chrono Boost)  
  27  4:00  Probe (Chrono Boost)  
  28  4:05  Probe  
  29  4:11  Probe (Chrono Boost)  
  29  4:13  Void Ray  
  34  4:21  Probe (Chrono Boost)  
  34  4:23  Probe (Chrono Boost)  
  36  4:32  Probe (Chrono Boost)  
  36  4:36  Probe (Chrono Boost)  
  36  4:37  Probe  
  38  4:43  Photon Cannon  
  39  4:47  Probe  
  39  4:49  Probe  
  41  4:59  Probe  
  42  5:00  Fleet Beacon  
  42  5:02  Probe  
  44  5:14  Probe  
  44  5:30  Probe (Chrono Boost)  
  45  5:40  Probe (Chrono Boost)  
  46  5:44  Carrier (Chrono Boost)  
  46  5:45  Probe (Chrono Boost)  
  53  5:55  Stargate  
  53  5:56  Probe  
  54  5:58  Protoss Air Armor Level 1, Stargate  
  54  6:41  Carrier  
  58  6:59  Carrier (Chrono Boost)  
  61  7:04  Carrier (Chrono Boost)  
  50  7:23  Probe (Chrono Boost)  
  51  7:34  Probe (Chrono Boost)  
  39  7:39  Probe (Chrono Boost)  
  40  7:49  Probe (Chrono Boost)  
  47  7:52  Carrier (Chrono Boost)  
  47  8:07  Pylon  
  47  8:12  Pylon  
  47  8:15  Pylon  
  47  8:18  Pylon  
  47  8:22  Pylon  
  47  8:25  Carrier, Probe (Chrono Boost)  
  47  8:27  Pylon  
  54  8:37  Probe (Chrono Boost)  
  55  8:46  Probe (Chrono Boost)  
  56  8:51  Probe  
  57  9:03  Probe  
  42  10:25  Carrier  
  30  12:29  Probe (Chrono Boost)  
Show
View Real Time Build Order
Export as new Build Order

Polonius Protoss - Winner!

Build Orders: Carriers 

Get SALT Encoding   

  12  0:00  Probe  
  13  0:12  Probe  
  14  0:20  Pylon  
  14  0:25  Probe  
  15  0:38  Probe  
  16  0:50  Assimilator, Probe  
  16  0:51  Pylon  
  17  1:02  Probe  
  18  1:07  Assimilator  
  18  1:11  Gateway  
  18  1:21  Forge  
  18  1:28  Pylon  
  18  1:33  Probe  
  19  1:45  Probe  
  20  1:57  Probe  
  21  2:01  Nexus  
  21  2:14  Photon Cannon  
  21  2:18  Assimilator  
  21  2:21  Probe (Chrono Boost)  
  22  2:30  Pylon  
  22  2:31  Probe (Chrono Boost)  
  23  2:46  Cybernetics Core  
  23  3:03  Pylon, Probe  
  24  3:12  Photon Cannon  
  24  3:15  Probe  
  25  3:27  Stargate  
  25  3:29  Stargate  
  25  3:37  Photon Cannon  
  25  3:40  Probe (Chrono Boost)  
  26  3:50  Probe (Chrono Boost)  
  26  3:52  Photon Cannon  
  27  3:57  Probe (Chrono Boost)  
  27  3:58  Probe (Chrono Boost)  
  29  4:09  Probe (Chrono Boost)  
  31  4:11  Probe (Chrono Boost)  
  31  4:17  Fleet Beacon  
  31  4:20  Probe  
  31  4:22  Probe  
  33  4:29  Assimilator  
  34  4:39  Probe (Chrono Boost)  
  34  4:42  Probe (Chrono Boost)  
  35  4:48  Protoss Air Weapons Level 1  
  35  4:50  Probe (Chrono Boost)  
  37  4:53  Pylon, Probe (Chrono Boost)  
  37  4:55  Probe (Chrono Boost)  
  38  5:01  Carrier  
  45  5:07  Probe (Chrono Boost)  
  45  5:11  Probe (Chrono Boost)  
  48  5:22  Probe (Chrono Boost)  
  48  5:23  Carrier, Probe (Chrono Boost)  
  48  5:27  Probe (Chrono Boost)  
  55  5:30  Probe  
  56  5:37  Stargate  
  56  5:42  Probe  
  57  6:06  Carrier  
  63  6:16  Pylon  
  63  6:30  Pylon  
  63  6:36  Pylon  
  63  6:42  Carrier  
  69  6:49  Carrier  
  69  6:52  Photon Cannon  
  75  7:20  Carrier  
  81  7:30  Photon Cannon  
  75  7:53  Carrier  
  81  8:14  Stargate  
  81  8:30  Stargate  
  81  8:37  Pylon  
  81  9:03  Nexus  
  81  9:15  Carrier  
  81  9:16  Carrier x2  
  99  9:49  Carrier  
  99  10:42  Carrier x2  
  99  11:23  Carrier x2  
  105  11:31  Assimilator  
  105  11:35  Assimilator  
Tags
 
Add a new tag
Caveats
  • Supply blocks, unpowered buildings, or Contaminate may cause inaccurate times.
  • Supply counts are checked every 10 seconds.